 Dungeon Crawl Stone Soup version 0.28-a0-1206-g193881aaa2 (webtiles) character file.

Game seed: 14651835702820341861

264195 siradein the Warrior (level 20, -7/189 HPs)
             Began as a Hill Orc Fighter on Dec 20, 2021.
             Was the Champion of Beogh.
             Mangled by a large abomination (23 damage)
             ... while paralysed by a floating eye
             ... on level 3 of the Abyss on Dec 21, 2021.
             The game lasted 03:09:33 (38273 turns).

siradein the Warrior (Hill Orc Fighter)            Turns: 38273, Time: 03:09:33

Health: -7/189     AC: 28    Str: 30    XL:     20   Next: 4%
Magic:  33/33      EV:  2    Int: 13    God:    Beogh [******]
Gold:   2966       SH:  0    Dex:  7    Spells: 19/19 levels left

rFire   . . .      SeeInvis +   k - +6 demon blade of Lola {freeze, rPois rC++ Str+3 Dex-4}
rCold   + + .      Faith    +   B - +4 kite shield {reflect}
rNeg    . . .      Spirit   .   D - +8 chain mail "Circhykakk" {rPois Regen+ Str-5 Int+9}
rPois   +          Reflect  +   l - +1 helmet
rElec   .          Harm     .   h - +0 cloak
rCorr   .          Rampage  .   C - +2 pair of gloves {hurl}
Will    +....      Rage     3%  R - +0 pair of boots {Stlth+}
Stlth   ..........              r - amulet "Pemuyh" {Faith Contam Str+4 Dex+5}
HPRegen 1.21/turn               Q - +4 ring of slaying
MPRegen 0.23/turn               a - ring of see invisible

@: confused, paralysed, about to teleport, studying 2 skills
A: walk on water, [berserk 2], [clumsy 2], [deformed body], [deterioration 2],
[dopey 2], [subdued magic 2]
}: 2/15 runes: decaying, gossamer
a: Renounce Religion, Smiting, Recall Orcish Followers, Give Item to Named
Follower, Resurrection


You were on level 3 of the Abyss.
You worshipped Beogh.
Beogh was exalted by your worship.
You visited 6 branches of the dungeon, and saw 33 of its levels.
You visited the Abyss 2 times.
You also visited: Sewer and Ice Cave.

You collected 3821 gold pieces.
You spent 855 gold pieces at shops.

Inventory:

Hand Weapons
 k - the +6 demon blade of Lola (weapon) {freeze, rPois rC++ Str+3 Dex-4}
   (You acquired it on level 2 of the Lair of Beasts)

   It freezes those it strikes, dealing additional cold damage.
   It can also slow down cold-blooded creatures.
   Str:       It affects your strength (+3).
   Dex:       It affects your dexterity (-4).
   rC:        It greatly protects you from cold.
   rPois:     It protects you from poison.
 x - the +11 rapier "Seusife" {protect, rF+ Str-3 Int+4 Dex+3}
   (You found it on level 5 of the Lair of Beasts)

   It grants its wielder temporary protection when it strikes (+7 to AC).
   Str:       It affects your strength (-3).
   Int:       It affects your intelligence (+4).
   Dex:       It affects your dexterity (+3).
   rF:        It protects you from fire.
Missiles
 g - 7 javelins
 O - 16 boomerangs
 S - a throwing net
Armour
 h - a +0 cloak (worn)
 l - a +1 helmet (worn)
 B - a +4 kite shield of reflection (worn)
 C - a +2 pair of gloves of hurling (worn)
 D - the +8 chain mail "Circhykakk" (worn) {rPois Regen+ Str-5 Int+9}
   (You found it on level 5 of the Dungeon)

   Str:       It affects your strength (-5).
   Int:       It affects your intelligence (+9).
   rPois:     It protects you from poison.
   Regen:     It increases your rate of health regeneration.
 R - a +0 pair of boots of stealth (worn)
Jewellery
 a - a ring of see invisible (right hand)
 i - the ring "Woekkur" {rPois rC+ Will- Int+2 Dex+9 Stlth+}
   (You found it on level 13 of the Dungeon)

   [ring of protection from cold]

   Int:       It affects your intelligence (+2).
   Dex:       It affects your dexterity (+9).
   rC:        It protects you from cold.
   rPois:     It protects you from poison.
   Will:      It decreases your willpower.
   Stlth:     It makes you more stealthy.
 r - the amulet "Pemuyh" (around neck) {Faith Contam Str+4 Dex+5}
   (You found it in an ice cave)

   [amulet of faith]

   It allows you to gain divine favour quickly.
   Str:       It affects your strength (+4).
   Dex:       It affects your dexterity (+5).
   Contam:    It causes magical contamination when unequipped.
 y - a ring of flight
 z - a +6 ring of strength
 N - the ring "Ginap" {rN++ Dex+6}
   (You found it on level 6 of the Dungeon)

   [ring of dexterity]

   Dex:       It affects your dexterity (+6).
   rN:        It greatly protects you from negative energy.
 Q - a +4 ring of slaying (left hand)
Wands
 c - a wand of flame (64)
 d - a wand of iceblast (45)
 q - a wand of polymorph (16)
 F - a wand of paralysis (54)
 T - a wand of acid (11)
 V - a wand of digging (5)
Scrolls
 j - 11 scrolls of teleportation
 n - 3 scrolls of magic mapping
 p - 3 scrolls of silence
 s - 3 scrolls of holy word
 t - 10 scrolls of enchant weapon
 w - 11 scrolls of fog
 A - 12 scrolls of fear
 H - 5 scrolls of summoning
 M - 3 scrolls of blinking
 W - 3 scrolls of amnesia
Potions
 b - 4 potions of heal wounds
 e - 19 potions of curing
 f - 2 potions of berserk rage
 o - a potion of resistance
 u - 3 potions of magic
 v - 4 potions of ambrosia
 E - 8 potions of flight
 G - 4 potions of might
 I - 10 potions of brilliance
 J - 5 potions of invisibility
 L - 3 potions of cancellation
 P - 4 potions of mutation
 X - 2 potions of haste
Miscellaneous
 m - a condenser vane
 Z - a phantom mirror


   Skills:
 + Level 18.5 Fighting
 - Level 14.0 Long Blades
 + Level 3.7 Throwing
 + Level 17.0 Armour
 + Level 17.1 Shields
 + Level 18.3 Invocations
 + Level 12.3 Evocations


You had 19 spell levels left.
You didn't know any spells.
Your spell library contained the following spells:

 Spells                   Type           Power      Damage    Failure   Level
 Apportation              Tloc           0%         N/A       58%         1
 Foxfire                  Conj/Fire      0%         2x1d4     58%         1
 Sting                    Tmut/Pois      0%         1d3       58%         1
 Poisonous Vapours        Pois/Air       0%         N/A       73%         2
 Wereblood                Tmut           0%         N/A       73%         2
 Call Canine Familiar     Summ           0%         N/A       92%         3
 Conjure Flame            Conj/Fire      0%         6-21      92%         3
 Frozen Ramparts          Ice            0%         1d2       92%         3
 Gell's Gravitas          Tloc           0%         N/A       92%         3
 Ignite Poison            Fire/Tmut/Pois 0%         N/A       92%         3
 Inner Flame              Hex/Fire       0%         N/A       92%         3
 Portal Projectile        Hex/Tloc       0%         N/A       92%         3
 Teleport Other           Tloc           0%         N/A       92%         3
 Tukima's Dance           Hex            0%         N/A       92%         3
 Airstrike                Air            0%         N/A       100%        4
 Animate Armour           Summ/Erth      0%         N/A       100%        4
 Animate Dead             Necr           0%         N/A       100%        4
 Cause Fear               Hex            0%         N/A       100%        4
 Flame Wave               Conj/Fire      0%         2d4       100%        4
 Hailstorm                Conj/Ice       0%         3d3       100%        4
 Ice Form                 Ice/Tmut       0%         N/A       100%        4
 Leda's Liquefaction      Hex/Erth       0%         N/A       100%        4
 Olgreb's Toxic Radiance  Pois           0%         N/A       100%        4
 Passage of Golubria      Tloc           0%         N/A       100%        4
 Sticky Flame             Conj/Fire      0%         2d3       100%        4
 Summon Ice Beast         Ice/Summ       0%         N/A       100%        4
 Summon Lightning Spire   Summ/Air       0%         N/A       100%        4
 Alistair's Intoxication  Tmut/Pois      0%         N/A       100%        5
 Blade Hands              Tmut           0%         N/A       100%        5
 Borgnjor's Vile Clutch   Necr/Erth      0%         N/A       100%        5
 Irradiate                Conj/Tmut      0%         3d13      100%        5
 Lightning Bolt           Conj/Air       0%         1d11      100%        5
 Summon Forest            Summ/Tloc      0%         N/A       100%        5
 Yara's Violent Unravell  Hex/Tmut       0%         3d3       100%        5
 Death Channel            Necr           0%         N/A       100%        6
 Dispersal                Tloc           0%         N/A       100%        6
 Eringya's Noxious Bog    Tmut/Pois      0%         N/A       100%        6
 Iron Shot                Conj/Erth      0%         9d1       100%        6
 Simulacrum               Ice/Necr       0%         N/A       100%        6
 Starburst                Conj/Fire      0%         6d3       100%        6
 Statue Form              Tmut/Erth      0%         N/A       100%        6
 Dragon Form              Tmut           0%         N/A       100%        7
 Summon Hydra             Summ           0%         N/A       100%        7
 Discord                  Hex            0%         N/A       100%        8
 Disjunction              Tloc           0%         N/A       100%        8


Dungeon Overview and Level Annotations

Branches:
Dungeon (15/15)            Temple (0/1) D:5            Lair (6/6) D:9
  Swamp (4/4) Lair:3       Spider (4/4) Lair:4          Orc (2/2) D:11
    Elf (0/3) Orc:2        Vaults (2/5) D:14         Depths (0/4) D:15
  Sewer (visited)           IceCv (visited)
  Slime: Lair:5-6     Crypt: Vaults:2-3

Altars:
Ashenzari
Cheibriados
Dithmenos
Elyvilon
Gozag
Kikubaaqudgha
Ru
Sif Muna
Vehumet
Yredelemnul
Zin

Shops:
D:2 (   D:11 [[   D:13 ?   Orc:2 *[(:

Annotations:
Lair:5 exclusion: 7 oklob plants


Innate Abilities, Weirdness & Mutations

You can walk on water.
[You often lose your temper in combat.]
[You are very clumsy. (Dex -4)]
[Armour fits poorly on your strangely shaped body.]
[Your body often deteriorates upon taking damage.]
[You are very dopey. (Int -4)]
[Your spells are easier to cast, but less powerful.]


Message History

* * * LOW HITPOINT WARNING * * *
You slice the large abomination!! You freeze the large abomination!
The large abomination is heavily damaged.
The small abomination barely misses you.
Two slime creatures merge to form an enormous slime creature.
The floating eye's stare focuses on you.
The large abomination hits you but does no damage.
The golden eye blinks at you.
You are more confused.
The golden eye blinks at you.
You are more confused.
Unknown command.
Unknown command.
You slice the small abomination!! You freeze the small abomination.
The small abomination is almost destroyed.
The large abomination misses you. The small abomination hits you.
* * * LOW HITPOINT WARNING * * *
The small abomination hits you but does no damage.
The large abomination closely misses you.
Two slime creatures merge to form a titanic slime creature.
The golden eye blinks!
The golden eye blinks at you. You resist with almost no effort.
Unknown command.
Unknown command.
Unknown command.
The golden eye turns its gaze towards you.
The Executioner gestures.
The Executioner seems to speed up.
The cacodemon gestures next to the floating eye.
The damaged grate falls apart.
The floating eye gazes piercingly through you!
You suddenly lose the ability to move!
The small abomination hits you but does no damage.
The large abomination hits you.
* * * LOW HITPOINT WARNING * * *
The small abomination hits you but does no damage.
The cacodemon gestures next to the flying skull.
The damaged grate falls apart.
The large abomination hits you!!
You die...

##G#.....#G##.≈
.###.....###..#
..X.2..2...xX.
#...#.#.#Xx.#


#XJ#GzG#xx# #≈X##G.#x1# #xX#x.XJ# #XxXX@Xx# ###Xx.### ##### You could see 2
cacodemons, an Executioner (fast), 2 titanic slime creatures, a glowing orange
brain, 12 large abominations, 10 small abominations, a flying skull, a floating
eye and 3 golden eyes.

Vanquished Creatures
  the Lernaean hydra (Swamp:4)
  Nikola (Vaults:1)
  Agnes (Spider:2)
  2 sphinxes (Vaults:1)
  A rockslime (IceCv)
  3 azure jellies (IceCv)
  The ghost of Urghud the Bludgeoner, a journeyman MiBe of Trog (Swamp:1)
  A fenstrider witch (Swamp:2)
  4 ghost moths
  2 vault wardens (Vaults:1)
  A ghoul (Swamp:4)
  An emperor scorpion (Spider:4)
  3 ironbound preservers
  2 war gargoyles
  A very ugly thing (Vaults:1)
  3 quicksilver oozes (IceCv)
  3 bunyips
  A lorocyproca (Abyss:2)
  2 entropy weavers (Spider:1)
  A spark wasp (Spider:2)
  An eleionoma (Swamp:4)
  A yaktaur captain (Vaults:1)
  A peacekeeper (Vaults:1)
  Fannar (Lair:3)
  A catoblepas (D:13)
  2 boulder beetles
  A vault guard (Vaults:1)
  A ghost crab (Swamp:3)
  15 hydras
  4 ironbound frosthearts
  A centaur warrior (D:15)
  A dancing weapon (D:14)
  A death yak (Lair:5)
  7 alligators
  A two-headed ogre (D:14)
  2 orc high priests (Orc:2)
  A wretched star (Abyss:2)
  7 deep trolls
  A deep troll (shapeshifter) (Abyss:2)
  5 swamp dragons
  A goliath frog (Swamp:3)
  4 bog bodies
  2 skeletal warriors (D:15)
  A spriggan druid (Swamp:2)
  3 wizards
  3 deep elf pyromancers (D:15)
  A necromancer (D:15)
  11 orb spiders
  2 orange crystal statues (IceCv)
  An orc knight (Orc:1)
  6 ugly things
  17 wolf spiders
  2 cyclopes
  4 will-o-the-wisps
  2 moths of wrath (Spider:2)
  An oklob plant (Lair:1)
  10 elephants
  2 black mambas
  An apocalypse crab (Abyss:3)
  A smoke demon (Abyss:2)
  2 torpor snails
  A gargoyle (D:11)
  A vault sentinel (Vaults:1)
  2 centaur skeletons (D:15)
  11 cane toads
  8 komodo dragons
  An entropy weaver simulacrum (IceCv)
  9 demonic crawlers
  An unseen horror (D:11)
  A yaktaur (Vaults:1)
  3 ancient zymes
  A kobold demonologist (D:10)
  3 very ugly thing simulacra (IceCv)
  A meliai (shapeshifter) (D:15)
  6 jumping spiders
  3 polar bears
  7 tyrant leeches
  20 hornets
  18 blink frogs
  26 slime creatures
  Grinder (D:4)
  8 raiju
  5 large abominations (Abyss:2)
  8 spriggans
  11 tarantellas
  34 redbacks
  6 wraiths
  A shadow (D:10)
  A ynoxinul (Abyss:2)
  4 wyverns
  A basilisk (D:12)
  38 yaks
  A steam dragon (Lair:2)
  2 neqoxecs (Abyss:2)
  A chaos spawn (Abyss:2)
  5 vampire mosquitoes
  11 swamp worms
  4 wargs
  An acid dragon (D:13)
  A demonic crawler simulacrum (IceCv)
  14 water moccasins
  An ice beast (D:4)
  5 orc warriors
  2 sky beasts (D:6)
  4 swamp drakes (Swamp:4)
  3 ugly thing simulacra (IceCv)
  4 black bears
  A necrophage (D:5)
  11 ogres
  A hornet zombie (D:6)
  15 centaurs
  4 wolves
  5 kobold brigands
  2 phantoms
  Blork the orc (D:4)
  A small abomination (Abyss:2)
  10 bullfrogs
  A naga simulacrum (Abyss:3)
  A scorpion (D:5)
  A water moccasin zombie (D:5)
  3 killer bees (D:9)
  14 wights
  8 howler monkeys
  2 centaur zombies
  2 electric eels
  A bullfrog zombie (D:5)
  6 starcursed masses (Abyss:2)
  An iron imp (Abyss:2)
  8 hounds
  7 orc priests
  3 gnoll shamans (D:6)
  5 iguanas
  15 orc wizards
  2 hell rats (Lair:2)
  Robin (D:2)
  14 gnolls
  13 adders
  8 river rats
  3 shadow imps
  A white imp (D:6)
  An adder skeleton (D:4)
  5 worms
  3 dart slugs
  8 orcs
  12 bats
  10 endoplasms
  6 giant cockroaches
  32 goblins
  8 hobgoblins
  7 quokkas
  26 ball pythons
  5 frilled lizards
  22 kobolds
  32 rats
815 creatures vanquished.

Vanquished Creatures (collateral kills)
  The ghost of Iruic the Warrior, an adept OgFi of Okawaru (Swamp:1)
  The ghost of Hoec the Severer, an adept DsAr of Okawaru (Swamp:1)
  Donald (Spider:2)
  3 vault wardens
  3 emperor scorpions
  Aizul (Swamp:2)
  5 ironbound preservers
  18 slime creatures
  A quicksilver ooze (IceCv)
  An ironbound thunderhulk (Vaults:1)
  An eleionoma (Swamp:1)
  The ghost of fragbeetle the Transmogrifier, a journeyman MfTm of Gozag (Swamp:1)
  2 spark wasps (Spider:4)
  5 bunyips
  4 dire elephants (Vaults:1)
  A crystal guardian (Vaults:1)
  2 yaktaur captains (Vaults:2)
  A great orb of eyes (Vaults:2)
  Josephine (Orc:1)
  The ghost of AigisTheKnight the Zephyrmancer, a journeyman DrAE of Vehumet (Lair:3)
  13 hydras
  4 boulder beetles
  3 vault guards
  3 centaur warriors
  2 ghost crabs
  2 ironbound frosthearts
  A spriggan air mage (Swamp:4)
  A dancing weapon (D:14)
  3 alligators
  2 two-headed ogres
  5 death yaks (Lair:5)
  An orc high priest (Orc:2)
  3 skeletal warriors (D:15)
  4 goliath frogs
  A spriggan druid (Swamp:4)
  13 deep trolls
  9 bog bodies
  A wizard (D:15)
  6 swamp dragons
  A harpy (Vaults:1)
  An ironbound convoker (Vaults:2)
  3 orc knights (Orc:2)
  16 wolf spiders
  A deep elf pyromancer (D:13)
  18 orb spiders
  2 orc sorcerers (Orc:2)
  4 elephants (Lair:6)
  16 ugly things
  A cyclops (D:12)
  A centaur zombie (D:15)
  A manticore (D:15)
  A moth of wrath (Spider:4)
  A naga mage (D:15)
  A vault sentinel (Vaults:1)
  A torpor snail (Lair:3)
  3 black mambas
  10 cane toads
  A gargoyle (D:11)
  2 centaur skeletons (D:15)
  A yaktaur (Vaults:1)
  6 demonic crawlers
  3 komodo dragons
  A rime drake (Lair:6)
  An entropy weaver simulacrum (IceCv)
  A very ugly thing simulacrum (IceCv)
  11 tyrant leeches
  A troll (Orc:2)
  15 jumping spiders
  13 hornets
  A raiju (D:15)
  13 blink frogs
  8 spriggans
  19 tarantellas
  38 redbacks
  20 yaks
  A wyvern (Lair:3)
  2 basilisks
  22 vampire mosquitoes
  14 swamp worms
  A warg (Orc:2)
  A demonic crawler simulacrum (IceCv)
  A water moccasin (Lair:6)
  5 orc warriors
  3 swamp drakes (Swamp:4)
  A black bear (D:9)
  3 ogres
  4 wolves (Lair:6)
  9 centaurs
  A kobold brigand (D:8)
  7 bullfrogs
  2 wights (D:10)
  3 killer bees (D:9)
  3 electric eels
  2 howler monkeys (D:9)
  2 gnoll shamans (Orc:1)
  5 orc priests
  2 iguanas (Lair:3)
  3 orc wizards
  2 hell rats (Lair:2)
  4 gnolls (Orc:1)
  9 orcs
  A kobold (D:8)
  A plant (Lair:1)
482 creatures vanquished.

Vanquished Creatures (others)
  A fenstrider witch (Swamp:4)
  Nergalle (Orc:2)
  4 orc knights
  A wizard (Vaults:2)
  An orc sorcerer (Orc:2)
  9 orc warriors
  6 orc priests
  11 orc wizards
  A gnoll (Orc:1)
  25 orcs
  78 fungi
  A lurking horror (Abyss:2)
  143 plants
  5 withered plants (D:3)
287 creatures vanquished.

Grand Total: 1584 creatures vanquished

Notes
Turn   | Place    | Note
-------+----------+-------------------------------------------
     0 | D:1      | siradein the Hill Orc Fighter began the quest for the Orb.
     0 | D:1      | Reached XP level 1. HP: 19/19 MP: 1/1
   164 | D:1      | Reached XP level 2. HP: 22/27 MP: 2/2
   429 | D:1      | Reached XP level 3. HP: 28/33 MP: 3/3
  1130 | D:2      | Reached XP level 4. HP: 34/40 MP: 4/4
  1257 | D:2      | Noticed Robin
  1671 | D:2      | Killed Robin
  1816 | D:2      | Found Cemasac's Weapon Shoppe.
  1915 | D:2      | Reached XP level 5. HP: 32/47 MP: 5/5
  2537 | D:3      | Found a faded altar of an unknown god.
  2818 | D:3      | Noticed an ogre
  2872 | D:3      | Killed an ogre
  2873 | D:3      | Reached skill level 5 in Fighting
  2873 | D:3      | Reached XP level 6. HP: 28/56 MP: 3/6
  3093 | D:3      | Found an ancient bone altar of Kikubaaqudgha.
  3290 | D:3      | Found a broken altar of Ashenzari.
  3587 | D:4      | Noticed an ice beast
  3633 | D:4      | Killed an ice beast
  3634 | D:4      | Reached skill level 5 in Shields
  3709 | D:4      | Reached skill level 5 in Armour
  3994 | D:4      | Noticed Blork the orc
  4009 | D:4      | Killed Blork the orc
  4010 | D:4      | Reached XP level 7. HP: 49/62 MP: 4/7
  4191 | D:4      | Noticed Grinder
  4219 | D:4      | Killed Grinder
  4500 | D:5      | Entered Level 5 of the Dungeon
  4579 | D:5      | Reached skill level 5 in Long Blades
  4677 | D:5      | Found a radiant altar of Vehumet.
  4685 | D:5      | Found a staircase to the Ecumenical Temple.
  4834 | D:5      | Reached XP level 8. HP: 63/71 MP: 6/8
  4943 | D:5      | Identified the +8 chain mail "Circhykakk" {rPois Regen+
                  | Str-5 Int+9}
  5195 | D:5      | Found a shadowy altar of Dithmenos.
  5655 | D:6      | Found a glowing drain.
  5659 | Sewer    | Entered a sewer
  6124 | D:6      | Reached XP level 9. HP: 76/80 MP: 7/9
  6301 | D:6      | Became a worshipper of Beogh the Brigand
  6336 | D:6      | Reached skill level 1 in Invocations
  6551 | D:2      | Bought a +2 vorpal long sword for 206 gold pieces
  6698 | D:6      | Noticed a cyclops
  6718 | D:6      | Killed a cyclops
  6734 | D:6      | Reached * piety under Beogh
  6792 | D:6      | Reached XP level 10. HP: 90/90 MP: 10/12
  7180 | D:6      | Identified the ring "Ginap" {rN++ Dex+6}
  7261 | D:6      | Reached ** piety under Beogh
  7502 | D:7      | Reached skill level 5 in Invocations
  8307 | D:8      | Noticed a cyclops
  8318 | D:8      | Killed a cyclops
  8428 | D:8      | Found a shimmering blue altar of Sif Muna.
  8524 | D:8      | Reached *** piety under Beogh
  8582 | D:8      | Found a sacrificial altar of Ru.
  8597 | D:8      | Reached skill level 10 in Fighting
  8627 | D:8      | Found a glowing silver altar of Zin.
  8916 | D:8      | Identified the +2 short sword of the Final Decision {drain,
                  | rCorr}
  9131 | D:9      | Reached XP level 11. HP: 97/99 MP: 15/15
  9177 | D:9      | Found a staircase to the Lair.
  9346 | D:9      | Found a white marble altar of Elyvilon.
  9462 | D:9      | Identified a scroll of acquirement
  9582 | D:9      | Got the Volume of Burning Shape Shifting
  9601 | D:9      | Found a basalt altar of Yredelemnul.
  9734 | D:10     | Entered Level 10 of the Dungeon
  9743 | D:10     | Reached **** piety under Beogh
  9927 | D:10     | Reached skill level 10 in Shields
  9950 | D:10     | Gained Bogrim as an ally
  9951 | D:10     | Reached skill level 10 in Armour
 10026 | D:10     | Found an opulent altar of Gozag.
 10043 | D:10     | Found a snail-covered altar of Cheibriados.
 10224 | D:11     | Found Walun's Armour Shop.
 10226 | D:11     | Found a staircase to the Orcish Mines.
 10308 | D:11     | Noticed a two-headed ogre
 10312 | D:11     | Killed a two-headed ogre
 10313 | D:11     | Reached skill level 10 in Long Blades
 10652 | D:11     | Reached XP level 12. HP: 110/110 MP: 18/18
 10727 | D:11     | Found Heomoe's Armour Shop.
 10919 | Lair:1   | Entered Level 1 of the Lair of Beasts
 11282 | Lair:1   | Found the +1 robe of Vines {NoPotionHeal Regen++++}
 11340 | Lair:1   | Noticed a five-headed hydra
 11340 | Lair:1   | Noticed a five-headed hydra
 11384 | Lair:1   | Killed a five-headed hydra
 11388 | Lair:1   | Killed a five-headed hydra
 12027 | Lair:2   | Noticed a four-headed hydra
 12041 | Lair:2   | Killed a four-headed hydra
 12046 | Lair:2   | Noticed a five-headed hydra
 12056 | Lair:2   | Killed a five-headed hydra
 12229 | Lair:2   | Noticed a five-headed hydra
 12240 | Lair:2   | Killed a five-headed hydra
 12532 | Lair:2   | Reached skill level 10 in Invocations
 12689 | Lair:2   | Acquired the +6 demon blade of Lola {freeze, rPois rC++
                  | Str+3 Dex-4}
 12709 | Lair:3   | Noticed Fannar
 12719 | Lair:3   | Killed Fannar
 12947 | Lair:3   | Found a transporter.
 12987 | Lair:3   | Noticed AigisTheKnight's ghost (journeyman DrAE)
 12989 | Lair:3   | Found a transporter.
 13453 | Lair:3   | Noticed an eight-headed hydra
 13454 | Lair:3   | Noticed a four-headed hydra
 13458 | Lair:3   | Killed an eight-headed hydra
 13464 | Lair:3   | Killed a four-headed hydra
 13465 | Lair:3   | Reached skill level 1 in Evocations
 13465 | Lair:3   | Reached XP level 13. HP: 94/119 MP: 14/20
 13499 | Lair:3   | Found a staircase to the Swamp.
 13617 | Lair:3   | Killed AigisTheKnight's ghost
 13699 | Lair:4   | Noticed Nergalle
 13920 | Lair:4   | Found a hole to the Spider Nest.
 14197 | Lair:4   | Identified the +3 trident "Butigiow" {drain, Dex+5}
 14666 | Lair:5   | Identified the +11 rapier "Seusife" {protect, rF+ Str-3
                  | Int+4 Dex+3}
 15577 | Lair:6   | Entered Level 6 of the Lair of Beasts
 15633 | Lair:6   | Reached ***** piety under Beogh
 15644 | Lair:6   | Reached XP level 14. HP: 90/129 MP: 22/22
 15768 | Lair:6   | Reached skill level 5 in Evocations
 16745 | Orc:1    | Entered Level 1 of the Orcish Mines
 16771 | Orc:1    | Noticed Josephine
 16791 | Orc:1    | Killed Josephine
 16791 | Orc:1    | Reached ****** piety under Beogh
 17023 | Orc:2    | Entered Level 2 of the Orcish Mines
 17171 | Orc:2    | Your ally Nergalle died
 17243 | Orc:2    | Paralysed by an orc sorcerer for 7 turns
 17263 | Orc:2    | Gained Warbeogh as an ally
 17276 | Orc:2    | Your ally Warbeogh died
 17443 | Orc:2    | Found a staircase to the Elven Halls.
 17574 | Orc:2    | Found Nuockeqo's Antique Weapon Boutique.
 17574 | Orc:2    | Found Darag's Book Emporium.
 17577 | Orc:2    | Found Public's Assorted Antiques.
 17577 | Orc:2    | Found Debixt's Antique Armour Emporium.
 17586 | Orc:2    | Bought a scroll of identify for 76 gold pieces
 17588 | Orc:2    | Bought a pair of runed boots for 217 gold pieces
 18899 | D:13     | Reached XP level 15. HP: 139/139 MP: 21/24
 18929 | D:13     | Identified the ring "Woekkur" {rPois rC+ Will- Int+2 Dex+9
                  | Stlth+}
 18986 | D:13     | Gained Orik as an ally
 19283 | D:13     | Found Utsiafet's Magic Scroll Shop.
 19302 | D:13     | Bought a scroll of identify for 26 gold pieces
 19303 | D:13     | Bought a scroll of enchant weapon for 97 gold pieces
 19303 | D:13     | Bought a scroll of noise for 13 gold pieces
 19303 | D:13     | Bought a scroll of amnesia for 45 gold pieces
 19303 | D:13     | Bought a scroll of fear for 45 gold pieces
 19489 | D:13     | You fall into a shaft and drop 1 floor!
 19500 | D:14     | Found a frozen archway.
 19506 | IceCv    | Entered an ice cave
 19649 | IceCv    | Gained Thorok as an ally
 20023 | IceCv    | HP: 2/139 [acid (13)]
 20400 | IceCv    | Your ally Thorok died
 20672 | IceCv    | Noticed an azure jelly
 20688 | IceCv    | Killed an azure jelly
 20706 | IceCv    | Found a viscous altar of Jiyva.
 20706 | IceCv    | Noticed an azure jelly
 20716 | IceCv    | Killed an azure jelly
 20729 | IceCv    | Noticed an azure jelly
 20729 | IceCv    | Noticed a rockslime
 20759 | IceCv    | Killed a rockslime
 20767 | IceCv    | Killed an azure jelly
 20881 | IceCv    | Identified the amulet "Pemuyh" {Faith Contam Str+4 Dex+5}
 20893 | IceCv    | Identified the amulet of Besiefut {rPois Regen+ MP+9}
 21328 | D:14     | Reached skill level 15 in Fighting
 21554 | D:14     | Found a gate to the Vaults.
 21945 | D:15     | Entered Level 15 of the Dungeon
 22096 | D:15     | Your ally Orik died
 22131 | D:15     | Gained Zartorak as an ally
 22142 | D:15     | Gained Gorg as an ally
 22288 | D:15     | Gained Thorok as an ally
 22368 | D:15     | Cast into level 3 of the Abyss (a wizard)
 22414 | Abyss:3  | Noticed an Executioner
 22461 | Abyss:3  | Paralysed by you for 2 turns
 22503 | D:15     | Escaped the Abyss
 22537 | D:15     | Gained Arbeogh as an ally
 22538 | D:15     | Reached XP level 16. HP: 84/149 MP: 26/26
 22546 | D:15     | Found a staircase to the Depths.
 22546 | D:15     | Your ally Arbeogh died
 23036 | Swamp:1  | Entered Level 1 of the Swamp
 23738 | Swamp:1  | Found a runed translucent gate.
 23738 | Swamp:1  | Found a runed translucent gate.
 23738 | Swamp:1  | Found a runed translucent gate.
 23739 | Swamp:1  | Noticed fragbeetle's ghost (journeyman MfTm)
 23739 | Swamp:1  | Noticed Urghud's ghost (journeyman MiBe)
 23740 | Swamp:1  | Noticed Iruic's ghost (adept OgFi)
 23740 | Swamp:1  | Noticed Hoec's ghost (adept DsAr)
 23966 | Swamp:2  | Killed Aizul
 23993 | Swamp:2  | Noticed a fenstrider witch
 23994 | Swamp:2  | Paralysed by a fenstrider witch for 3 turns
 23999 | Swamp:2  | Killed a fenstrider witch
 25162 | Swamp:3  | Gained Brunolf as an ally
 25198 | Swamp:3  | Reached skill level 15 in Invocations
 25311 | Swamp:3  | Gained Bogbarth as an ally
 26621 | Swamp:4  | Entered Level 4 of the Swamp
 26934 | Swamp:4  | Reached skill level 15 in Shields
 27505 | Swamp:4  | Reached XP level 17. HP: 146/159 MP: 25/28
 27507 | Swamp:4  | Reached skill level 15 in Armour
 27961 | Swamp:4  | Noticed the 27-headed Lernaean hydra
 27971 | Swamp:4  | Killed the 27-headed Lernaean hydra
 28528 | Swamp:4  | Reached skill level 10 in Evocations
 28578 | Swamp:4  | Got a decaying rune of Zot
 29019 | Swamp:1  | Killed Iruic's ghost
 29021 | Swamp:1  | Killed fragbeetle's ghost
 29027 | Swamp:1  | Killed Urghud's ghost
 29033 | Swamp:1  | Killed Hoec's ghost
 29398 | Orc:2    | Bought an arbalest for 130 gold pieces
 29630 | Spider:1 | Entered Level 1 of the Spider Nest
 30341 | Spider:1 | Gained Bogmar as an ally
 30409 | Spider:1 | Your ally Gorg died
 30750 | Spider:2 | Noticed Donald
 30760 | Spider:2 | Killed Donald
 31665 | Spider:2 | Identified the -2 pair of gloves of Ixaohia {Str+5 Int+4}
 31789 | Spider:2 | You fall into a shaft and drop 1 floor!
 31795 | Spider:3 | Noticed Agnes
 31803 | Spider:2 | Killed Agnes
 32484 | Spider:3 | Reached XP level 18. HP: 170/170 MP: 30/30
 33040 | Spider:4 | Entered Level 4 of the Spider Nest
 34441 | Spider:4 | Got a gossamer rune of Zot
 34450 | Spider:4 | Reached XP level 19. HP: 179/179 MP: 31/31
 34851 | Vaults:1 | Entered Level 1 of the Vaults
 35544 | Vaults:1 | Noticed Nikola
 35557 | Vaults:1 | Killed Nikola
 36218 | Vaults:1 | Acquired a +0 pair of gloves of hurling
 37625 | Vaults:2 | Reached skill level 1 in Throwing
 37898 | Vaults:2 | Cast into level 2 of the Abyss (a wizard)
 38069 | Abyss:2  | Reached XP level 20. HP: 145/189 MP: 33/33
 38235 | Abyss:2  | Paralysed by accursed screaming for 1 turns
 38273 | Abyss:3  | Paralysed by a floating eye for 4 turns
 38273 | Abyss:3  | Mangled by a large abomination

Illustrated notes

Levels and vault maps discovered:
D:1:      eino_arrival_water_star, layout_basic, minmay_misc_feat_hallway,
          minmay_heptomino_w4
D:2:      layout_rooms, serial_shops, shop, minmay_door_square,
          grunt_ministairs_5, uniq_robin
D:3:      layout_loops_corners, kiku_gazebo_garden_becter,
          cheibrodos_ashenzari_chains, nicolae_ecumenical_lake_church,
          minmay_ogre_servants
D:4:      layout_rooms, hangedman_decor_opposing, feat_on_display,
          uniq_blork_the_orc, uniq_grinder
D:5:      layout_basic, grunt_dithmenos_shadows, vehumet_altar_wand_db,
          temple_pool_b
D:6:      lemuel_castle_with_subvaults [lemuel_castle_interior_original],
          layout_basic, gup_sewer_entry_spiral
D:7:      layout_loops_ring, hangedman_decor_diamond_cutter,
          grunt_decor_mini_mirrors, minmay_manual_mares
D:8:      layout_loops_cross, tgw_sif, mainiacjoe_overflow_six_doors_small,
          kennysheep_mini_moat, small_chamber_with_monster
D:9:      layout_roguey, nicolae_overflow_hidden_temple,
          due_lair_maze_entry_diamond, item_on_display_a
D:10:     layout_rooms, cheibriados_altar_1, mainiacjoe_overflow_catwalk,
          ebering_dispersal_statue_hall
D:11:     layout_irregular_city, orc_david_3, serial_shops, shop_fountains
D:12:     layout_irregular_city
D:13:     layout_basic, serial_shops, shop_scrolls, hive_lemuel
D:14:     layout_small_grid, erik_vaults_1, roderic_nine_men_s_morris,
          portal_ice_cave_entry_pillars_four, drop_trap, dk_noncrumbling_4
D:15:     grunt_enter_depths_magical_seal, layout_rooms, chequers_garden,
          serial_glass, glass_columns_a, glass_columns_a, glass_columns_c,
          glass_columns_a, glass_columns_a, glass_columns_b, glass_columns_b,
          glass_columns_c, glass_columns_a, glass_columns_a, glass_columns_b,
          glass_columns_a, glass_columns_a, glass_columns_b,
          due_unseen_surprise, lemuel_flamethrower_hall
Lair:1:   layout_roguey, chequers_serial_rivers_room_b, minmay_holes,
          hellmonk_guarded_unrand_vines
Lair:2:   layout_gridlike
Lair:3:   layout_gridlike, palyth_hydra_swamp_entry, gammafunk_ghost_arena,
          uniq_fannar
Lair:4:   layout_big_grid, spider_nest_entry_funnel_web, minmay_hedge_maze,
          grunt_megastairs_2, uniq_nergalle
Lair:5:   minmay_lair_oklob_tunnel, layout_regular_city,
          minmay_slime_entry_oklob_enclosed, beast_lair_carwin_10,
          grunt_megastairs_5
Lair:6:   minmay_lair_end_frog_pond, layout_regular_city
Swamp:1:  nicolae_swamp_ascending_descending, layout_falls_marsh,
          gammafunk_ghost_cemetery, infiniplex_staircase_pool
Swamp:2:  nicolae_swamp_long_stream, layout_basic_swamp,
          evilmike_swamp_ruin_house_6, uniq_aizul
Swamp:3:  layout_falls_marsh, nicolae_swamp_orc_logging_accident
Swamp:4:  grunt_swamp_rune_castle, layout_basic_swamp,
          nicolae_swamp_soggy_hallways
Spider:1: layout_spider_delve, nicolae_spider_rock_and_or_roll
Spider:2: nicolae_spider_hilbert_zone_7 [nicolae_spider_hilbert_4_sides_1_open,
          nicolae_spider_hilbert_4_sides_1_open,
          nicolae_spider_hilbert_4_sides_1_open,
          nicolae_spider_hilbert_4_sides_1_open,
          nicolae_spider_hilbert_3_sides_1_open,
          nicolae_spider_hilbert_3_sides_1_open,
          nicolae_spider_hilbert_3_sides_1_open,
          nicolae_spider_hilbert_3_sides_1_open,
          nicolae_spider_hilbert_4_sides_1_open,
          nicolae_spider_hilbert_4_sides_1_open,
          nicolae_spider_hilbert_4_sides_1_open,
          nicolae_spider_hilbert_2_sides_1_open,
          nicolae_spider_hilbert_2_sides_1_open,
          nicolae_spider_hilbert_2_sides_1_open,
          nicolae_spider_hilbert_2_sides_1_open,
          nicolae_spider_hilbert_2_sides_1_open,
          nicolae_spider_hilbert_2_sides_1_open], uniq_donald
Spider:3: layout_spider_delve, nicolae_spider_cling_halls, uniq_agnes
Spider:4: grunt_spider_rune_island
Orc:1:    layout_caves, mines2_lemuel, uniq_josephine
Orc:2:    grunt_orc_tribal_feast, layout_diamond_mine
Vaults:1: vaults_room_fancy_cross, nicolae_vaults_know_your_exits, v_misc_30,
          v_alt_pattern_4, vaults_room_grunt_arrival_ludios,
          hangedman_vaults_corner_blocks, grunt_vaults_bifocal,
          ontoclasm_vaults_idyll, layout_vaults_omnigrid, uniq_nikola
Vaults:2: vaults_mumra_bighexcomb, hangedman_vaults_restitches,
          vaults_mumra_lcd, nicolae_vaults_puzzle_piece,
          hangedman_vaults_stream, nicolae_vaults_alarming,
          vaults_mumra_chevron_long, serial_ice_g, hangedman_vaults_trim,
          nicolae_vaults_ninety_degrees, minmay_crypt_entry_simple_sparse,
          ontoclasm_vaults_gateway, ontoclasm_vaults_ligature,
          layout_vaults_maze
Abyss:3:  base: D:8, minivault_1, hangedman_summoners_spam,
          nicolae_abyss_rune_left_handed, base: Swamp:3,
          guppyfry_abyss_exit_glass_guarded, hangedman_abyss_rune_macabre_mess,
          hangedman_decor_peaks_small

Skill      XL: |  1  2  3  4  5  6  7  8  9 10 11 12 13 14 15 16 17 18 19 |
---------------+----------------------------------------------------------+-----
Fighting       | 4 5 6 7 8 10 11 12 13 14 15 16 17 18 | 18.5
Long Blades    | 3 4 5 6 7 8 10 11 12 13 14 | 14.0
Armour         | 4 5 6 8 9 10 11 12 13 14 15 16 17 | 17.0
Shields        | 4 5 7 8 9 10 11 12 13 14 15 16 17 | 17.1
Invocations    | 3 6 8 10 11 13 14 15 16 17 18 | 18.3
Evocations     | 1 4 6 8 9 10 11 12 | 12.3
Throwing       | 3 |  3.7

Action                   |  1- 3 |  4- 6 |  7- 9 | 10-12 | 13-15 | 16-18 | 19-21 || total
-------------------------+-------+-------+-------+-------+-------+-------+-------++-------
Melee: Long sword        |   135 |   242 |   496 |   579 |       |       |       ||  1452
       Short sword       |       |    26 |       |    31 |       |       |       ||    57
       Demon blade       |       |       |       |    32 |   714 |   649 |   266 ||  1661
       Rapier            |       |       |       |       |    22 |    15 |       ||    37
Invok: Convert to Beogh  |       |       |     1 |       |       |       |       ||     1
       Smiting           |       |       |       |     8 |    11 |    43 |       ||    62
       Recall Orcish Fol |       |       |       |     1 |    45 |    83 |    19 ||   148
       Give Item to Name |       |       |       |       |     3 |     4 |     1 ||     8
       Stop Recall       |       |       |       |       |     2 |       |       ||     2
Evoke: Wand              |       |       |       |       |       |     1 |       ||     1
  Use: Potion            |       |     1 |       |       |     2 |     1 |     1 ||     5
       Scroll            |       |       |     3 |     7 |    10 |    10 |    10 ||    40
 Stab: Distracted        |       |       |       |     4 |     9 |     5 |     2 ||    20
Armor: Scale mail        |    84 |       |       |       |       |       |       ||    84
       Plate armour      |       |   196 |    31 |       |       |       |       ||   227
       Chain mail        |       |       |   320 |   303 |   351 |   422 |    99 ||  1495
       Skin              |       |       |       |     7 |       |       |       ||     7
Dodge: Dodged            |    87 |    87 |   131 |   119 |   132 |   201 |    66 ||   823
Block: Buckler           |    37 |    64 |     9 |       |       |       |       ||   110
       Kite shield       |       |       |   254 |   454 |   523 |   502 |   167 ||  1900
       Reflection        |       |       |       |     5 |    16 |       |     5 ||    26

Table legend: (Time is in decaauts)
 A = Elapsed time spent in this place.
 B = Non-inter-level travel time spent in this place.
 C = Inter-level travel time spent in this place.
 D = Time resting spent in this place.
 E = Time spent auto-exploring this place.
 F = Levels seen in this place.
 G = Mean time per level.
                   A        B        C        D        E       F      G
               +--------+--------+--------+--------+--------+-----+--------+
         Total |  38074 |  33874 |   4200 |   5849 |  19645 |  38 | 1001.9 |
       Dungeon |  15089 |  13217 |   1872 |    767 |   8892 |  15 | 1005.9 |
          Lair |   7002 |   5624 |   1378 |    501 |   3746 |   6 | 1167.0 |
         Swamp |   5277 |   4989 |    288 |   2223 |   1836 |   4 | 1319.2 |
   Spider Nest |   4908 |   4605 |    303 |   1382 |   2367 |   4 | 1227.0 |
  Orcish Mines |   1664 |   1333 |    331 |     70 |    829 |   2 |  832.0 |
        Vaults |   1843 |   1817 |     26 |    222 |   1296 |   2 |  921.5 |
         Abyss |    456 |    456 |      0 |     79 |     80 |   3 |  152.0 |
         Sewer |    395 |    395 |      0 |      0 |    153 |   1 |  395.0 |
      Ice Cave |   1437 |   1437 |      0 |    604 |    446 |   1 | 1437.0 |
               +--------+--------+--------+--------+--------+-----+--------+

Top non-repeatable levels by time:
 Swamp:3: 2517 daAuts
  Lair:3: 1687 daAuts
Spider:4: 1548 daAuts
     D:6: 1541 daAuts
Vaults:1: 1529 daAuts
Spider:2: 1527 daAuts
  Lair:1: 1482 daAuts
   IceCv: 1437 daAuts
     D:3: 1400 daAuts
     D:1: 1389 daAuts
     D:4: 1068 daAuts
  Lair:5: 1042 daAuts
   Orc:2: 1035 daAuts
  Lair:4: 1014 daAuts
     D:5: 1010 daAuts
